 Dungeon Crawl Stone Soup version 0.31-a0-627-gd65175cf8b (webtiles) character file.

Game seed: 6681732684651370975

210998 CrazyBamboolord the Swashbuckler (level 19, -4/101 (121) HPs)
             Began as a Kobold Brigand on Aug 25, 2023.
             Was a Follower of Uskayaw.
             Slain by a deep elf blademaster simulacrum (8 damage)
             ... on level 1 of the Elven Halls.
             The game lasted 01:25:35 (34095 turns).

CrazyBamboolord the Swashbuckler (Kobold Brigand)  Turns: 34095, Time: 01:25:37

HP:   -4/101 (121)  AC: 18    Str: 11    XL:     19   Next: 59%
MP:   0/35          EV: 25    Int: 25    God:    Uskayaw [*.....]
Gold: 435           SH:  0    Dex: 21    Spells: 9/42 levels left

rFire   + . .        a - +6 rapier of Uppism {vamp, rElec Will+ Int+2}
rCold   + . .        (no shield)
rNeg    . . .        s - +3 leather armour {rF+}
rPois   +            u - +2 helmet {Int+3}
rElec   +            Q - +4 cloak of Qohoc {Regen+}
rCorr   +            G - +2 pair of gloves
SInv    +            B - +0 pair of boots {Stlth+}
Will    +++..        H - amulet of Folutea {Spirit rC+ Regen+ Int+3}
Stlth   +++++++      d - ring "Yzah" {Will+ Int+2 Slay+4}
HPRegen 1.96/turn    X - ring "Gocroo" {rPois rCorr Int+2 SInv}
MPRegen 0.24/turn

%: guardian spirit
@: about to teleport, studying 2 skills, heavily drained
A: small, no large weapons, nightstalker 3
}: 1/15 runes: serpentine
a: Renounce Religion, Stomp


You were on level 1 of the Elven Halls.
You worshipped Uskayaw.
Uskayaw was aware of your devotion.
You visited 6 branches of the dungeon, and saw 28 of its levels.
You also visited: Bailey, Gauntlet, Ice Cave and Desolation.

You collected 2976 gold pieces.
You spent 2541 gold pieces at shops.

Inventory:

Hand Weapons
 a - the +6 rapier of Uppism (weapon) {vamp, rElec Will+ Int+2}
   (You bought it in a shop on level 2 of the Orcish Mines)

   Int+2:     It affects your intelligence (+2).
   rElec:     It insulates you from electricity.
   Will+:     It increases your willpower.
 b - a +9 rapier of speed
Missiles
 e - 8 curare-tipped darts
 O - 7 throwing nets (quivered)
Armour
 s - a +3 leather armour of fire resistance (worn)
 u - a +2 helmet of intelligence (worn)
 B - a +0 pair of boots of stealth (worn)
 G - a +2 pair of gloves (worn)
 Q - the +4 cloak of Qohoc (worn) {Regen+}
   (You found it in a Gauntlet)

   Regen+:    It increases your rate of health regeneration.
Jewellery
 d - the ring "Yzah" (left hand) {Will+ Int+2 Slay+4}
   (You found it in the Desolation of Salt)

   [ring of slaying]

   Int+2:     It affects your intelligence (+2).
   Slay+4:    It affects your accuracy & damage with ranged weapons and melee
   (+4).
   Will+:     It increases your willpower.
 n - the ring "Nuilal" {rF- Int+6 Slay+5}
   (You found it in the Desolation of Salt)

   [ring of intelligence]

   Int+6:     It affects your intelligence (+6).
   Slay+5:    It affects your accuracy & damage with ranged weapons and melee
   (+5).
   rF-:       It makes you vulnerable to fire.
 A - a ring of flight
 H - the amulet of Folutea (around neck) {Spirit rC+ Regen+ Int+3}
   (You acquired it on level 7 of the Dungeon)

   [amulet of guardian spirit]

   Spirit:    It causes incoming damage to be divided between your reserves of
   health and magic.
   Int+3:     It affects your intelligence (+3).
   rC+:       It protects you from cold.
   Regen+:    It increases your rate of health regeneration.
 J - the ring of Finality {Fire rElec rN+++ Dex+2 Stlth-}
   (You found it in the Desolation of Salt)

   [ring of fire]

   Fire:      It enhances your fire magic.
   Dex+2:     It affects your dexterity (+2).
   rF+:       It protects you from fire.
   rC-:       It makes you vulnerable to cold.
   rElec:     It insulates you from electricity.
   rN+++:     It renders you almost immune to negative energy.
   Stlth-:    It makes you less stealthy.
 X - the ring "Gocroo" (right hand) {rPois rCorr Int+2 SInv}
   (You found it in a Gauntlet)

   [ring of resist corrosion]

   Int+2:     It affects your intelligence (+2).
   rPois:     It protects you from poison SInv: It lets you see invisible.
   rCorr:     It protects you from acid and corrosion.
 Z - the amulet of Zax Zacw {Faith rCorr Int+2 Dex-3}
   (You found it on level 4 of the Snake Pit)

   [amulet of faith]

   Faith:     It allows you to gain divine favour quickly.
   Int+2:     It affects your intelligence (+2).
   Dex-3:     It affects your dexterity (-3).
   rCorr:     It protects you from acid and corrosion.
Wands
 j - a wand of roots (6)
 r - a wand of light (16)
 w - a wand of flame (49)
 y - a wand of mindburst (9)
 F - a wand of digging (10)
 P - a wand of paralysis (9)
Scrolls
 g - 2 scrolls of poison
 h - 2 scrolls of fog
 l - 9 scrolls of teleportation
 q - 2 scrolls of amnesia
 D - 2 scrolls of revelation
 M - 2 scrolls of vulnerability {unknown}
 N - 4 scrolls of immolation
 S - 2 scrolls of summoning {unknown}
 T - a scroll of silence {unknown}
 U - a scroll of fear
 V - a scroll of torment {unknown}
 Y - 2 scrolls of brand weapon {unknown}
Potions
 c - a potion of magic
 f - 7 potions of enlightenment
 i - a potion of haste
 k - 11 potions of curing
 m - 5 potions of lignification
 o - 2 potions of might
 p - a potion of invisibility
 t - 3 potions of ambrosia
 v - 2 potions of cancellation
 z - 2 potions of berserk rage {unknown}
 E - 4 potions of resistance
 I - 6 potions of mutation
 R - 3 potions of brilliance
 W - a potion of attraction {unknown}
Miscellaneous
 x - a tin of tremorstones (2/2)
 K - a lightning rod (4/4)
 L - a phial of floods


   Skills:
 - Level 14.0 Fighting
 - Level 16.0 Short Blades
 - Level 0.5 Polearms
 - Level 0.1 Ranged Weapons
 - Level 2.1 Throwing
 - Level 14.0 Dodging
 - Level 12.0 Stealth
 - Level 12.0 Spellcasting
 - Level 8.0 Conjurations
 * Level 10.5 Hexes
 * Level 8.7 Summonings
 - Level 0.6 Necromancy
 * Level 9.6 Translocations
 - Level 7.0 Transmutations
 - Level 0.1 Fire Magic
 - Level 0.3 Ice Magic
 - Level 0.1 Air Magic
 - Level 0.6 Earth Magic
 - Level 0.1 Poison Magic
 - Level 10.0 Invocations
 - Level 14.0 Evocations
 - Level 0.7 Shapeshifting


You had 9 spell levels left.
You knew the following spells:

 Your Spells              Type           Power      Damage    Failure   Level
a - Wereblood             Tmut           50%        N/A       1%          2
b - Dazzling Flash        Conj/Hex       100%       N/A       1%          3
c - Iskenderun's Mystic   Conj/Tloc      56%        2d12      1%          4
d - Cause Fear            Hex            30%        N/A       1%          4
e - Tukima's Dance        Hex            61%        N/A       1%          3
f - Passage of Golubria   Tloc           59%        N/A       1%          4
g - Teleport Other        Tloc           59%        N/A       1%          3
h - Summon Mana Viper     Hex/Summ       59%        N/A       2%          5
i - Summon Forest         Summ/Tloc      28%        N/A       3%          5

Your spell library contained the following spells:

 Spells                   Type           Power      Damage    Failure   Level
 Call Imp                 Summ           100%       N/A       1%          2
 Lesser Beckoning         Tloc           100%       N/A       1%          2
 Call Canine Familiar     Summ           56%        N/A       1%          3
 Gell's Gravitas          Tloc           59%        N/A       1%          3
 Inner Flame              Hex/Fire       41%        N/A       1%          3
 Portal Projectile        Hex/Tloc       100%       N/A       1%          3
 Stone Arrow              Conj/Erth      72%        3d11      2%          3
 Volatile Blastmotes      Fire/Tloc      78%        2d16      2%          3
 Hailstorm                Conj/Ice       35%        3d9       3%          3
 Necrotise                Necr           72%        1d7       4%          1
 Anguish                  Hex/Necr       21%        N/A       5%          4
 Leda's Liquefaction      Hex/Erth       21%        N/A       5%          4
 Iskenderun's Battlesphe  Conj           53%        2d10      5%          5
 Irradiate                Conj/Tmut      25%        3d20      7%          5
 Animate Armour           Summ/Erth      76%        N/A       8%          4
 Summon Ice Beast         Ice/Summ       37%        N/A       9%          4
 Vampiric Draining        Necr           18%        2d7       12%         3
 Ozocubu's Armour         Ice            16%        N/A       14%         3
 Silence                  Hex/Air        20%        N/A       16%         5
 Dispersal                Tloc           29%        N/A       16%         6
 Summon Cactus Giant      Summ           28%        N/A       22%         6
 Fireball                 Conj/Fire      17%        3d9       28%         5
 Animate Dead             Necr           18%        N/A       38%         4
 Enfeeble                 Hex            30%        N/A       52%         7
 Agony                    Necr           18%        N/A       75%         5
 Borgnjor's Vile Clutch   Necr/Erth      9%         N/A       75%         5
 Conjure Ball Lightning   Conj/Air       17%        3x3d6     83%         6
 Starburst                Conj/Fire      17%        6d6       83%         6
 Orb of Destruction       Conj           26%        9d9       86%         7
 Death Channel            Necr           9%         N/A       99%         6
 Simulacrum               Ice/Necr       8%         N/A       100%        6
 Haunt                    Necr/Summ      19%        N/A       100%        7
 Ozocubu's Refrigeration  Ice            8%         4d9       100%        7
 Lehudib's Crystal Spear  Conj/Erth      18%        10d5      100%        8
 Maxwell's Capacitive Co  Air            7%         ∞         100%        8
 Dragon's Call            Summ           28%        N/A       100%        9


Dungeon Overview and Level Annotations

Branches:
Dungeon (15/15)            Temple (1/1) D:7            Lair (5/5) D:11
 Shoals (0/4) Lair:3        Snake (4/4) Lair:2        Slime (0/5) Lair:5
    Orc (2/2) D:9             Elf (1/3) Orc:2        Vaults (0/5) D:14
 Depths (0/4) D:15         Bailey (visited)           IceCv (visited)
Desolation (visited)      Gauntlet (visited)

Altars:
Ashenzari
Cheibriados
Dithmenos
Elyvilon
Fedhas
Gozag
Hepliaklqana
Kikubaaqudgha
Makhleb
Nemelex Xobeh
Okawaru
Qazlal
Ru
Sif Muna
Trog
Uskayaw
Vehumet
Wu Jian
Xom
Yredelemnul
Zin
The Shining One

Shops:
D:5 *   D:7 (   D:9 [   D:10 (   D:14 =   Orc:2 (!?((!   Elf:1 :   Snake:1 =::
Snake:2 [[(

Portals:
Abyss: D:4
Trove: D:14 (show abyssal rune of Zot)

Annotations:
D:13 3 runed translucent doors
Snake:2 Vashnia
Snake:4 Temaumar's ghost, adept GrBe


Innate Abilities, Weirdness & Mutations

You are small and have problems with some larger weapons.
You are completely attuned to the shadows.


Message History

Unknown command.
The deep elf blademaster simulacrum hits you.
The deep elf blademaster simulacrum freezes you!
You resist.
The deep elf blademaster simulacrum misses you.
The deep elf blademaster simulacrum attacks as it pursues you!
The deep elf blademaster simulacrum hits you but does no damage.
The deep elf blademaster simulacrum hits you.
The deep elf blademaster simulacrum freezes you!
You resist.
The deep elf blademaster simulacrum hits you.
The deep elf blademaster simulacrum freezes you!!
You resist.
* * * LOW HITPOINT WARNING * * *
The deep elf blademaster simulacrum hits you.
* * * LOW HITPOINT WARNING * * *
The deep elf blademaster simulacrum freezes you!!
You resist.
* * * LOW HITPOINT WARNING * * *
There is an open door, spattered with blood here.
Okay, then.
You feel much better.
The deep elf blademaster simulacrum hits you but does no damage.
The deep elf blademaster simulacrum misses you.
You can no longer pass through a line of other dancers.
As you read the scroll of teleportation, it crumbles to dust.
You feel strangely unstable.
The deep elf blademaster simulacrum hits you.
The deep elf blademaster simulacrum freezes you!!
You resist.
* * * LOW HITPOINT WARNING * * *
The deep elf blademaster simulacrum misses you.
The deep elf blademaster simulacrum attacks as it pursues you!
The deep elf blademaster simulacrum hits you!
* * * LOW HITPOINT WARNING * * *
The deep elf blademaster simulacrum freezes you!
You resist.
* * * LOW HITPOINT WARNING * * *
The deep elf blademaster simulacrum hits you!
You die...

#...#..8.....8..#........###.## #
#...#...........#.......#.#.## #
....##.8.....8.##......#.....## #
.....#.........#..............###
.....###########...###.........##
.....................'.........'.
#..................###.........#.
#..#######....)....# ##.......#..
#.## #####..@### ##.....#... #.#
###Z## ##...##... #.# ##8.8##
##+###... ..# ##.ZW.(## #.# ##..
#.# #8......# #.# ##. #.#
#?..⌠..:# ##.## ## #.# #8.....8#
##)..## # #.# ##.Z...#####...))#
..# ##..8###.......## ##


You could see a phantasmal warrior and 2 deep elf blademaster simulacra.

Vanquished Creatures
  A quicksilver dragon (Snake:4)
  Frances (Elf:1)
  4 nagarajas
  3 imperial myrmidons (Desolation)
  Louise (Snake:4)
  An orc warlord (D:9)
  2 very ugly things (IceCv)
  5 dire elephants (Lair:5)
  A minotaur (Gauntlet)
  A halazid warlock (Desolation)
  2 ettins
  A deep elf death mage (Elf:1)
  A spectral elf (Elf:1)
  A crystal guardian (Desolation)
  10 ragged hierophants (Desolation)
  Harold (Lair:1)
  Fannar (Lair:1)
  An ice dragon (D:14)
  A caustic shrike simulacrum (IceCv)
  2 centaur warriors
  8 servants of whispers (Desolation)
  2 salamander tyrants (Snake:4)
  7 anacondas
  2 hydras
  6 two-headed ogres
  10 peacekeepers
  3 boulder beetles
  4 catoblepae
  5 death yaks
  2 tengu warriors (D:15)
  6 orc high priests
  17 naga warriors
  7 shock serpents
  A spriggan (Lair:1)
  A spectral dire elephant (Lair:5)
  19 naga sharpshooters
  2 deep elf knights (Elf:1)
  4 salamander mystics
  2 sea snakes (Snake:1)
  3 skysharks
  A spectral death yak (Lair:5)
  A spectral anaconda (Lair:5)
  3 deep trolls
  An orange crystal statue (IceCv)
  A spriggan simulacrum (Snake:4)
  5 ironbound convokers (Desolation)
  7 naga ritualists
  7 deep elf archers (Elf:1)
  9 deep elf pyromancers (Elf:1)
  A wizard (D:15)
  8 orc knights
  An oklob plant (Lair:5)
  A deep elf zephyrmancer (Elf:1)
  5 necromancers
  An obsidian statue (Lair:5)
  3 cyclopes
  9 mana vipers
  16 salamanders
  2 ugly things
  2 orc sorcerers (Elf:1)
  6 elephants
  26 black mambas
  12 guardian serpents
  A torpor snail (Gauntlet)
  A dire elephant zombie (Lair:5)
  A molten gargoyle (Desolation)
  14 cane toads
  23 naga magi
  A gargoyle (D:12)
  A rime drake (shapeshifter) (D:14)
  3 efreet
  An unseen horror (D:11)
  16 komodo dragons
  2 kobold demonologists
  3 freezing wraiths
  2 golden dragon simulacra (IceCv)
  3 rime drakes
  A tengu conjurer (D:14)
  An anaconda simulacrum (IceCv)
  4 polar bears
  6 trolls
  A meliai (D:13)
  2 alligator simulacra
  2 hornets
  77 saltlings (Desolation)
  18 blink frogs
  2 spectral elephants (Lair:5)
  A centaur simulacrum (Gauntlet)
  14 slime creatures
  2 air elementals (Elf:1)
  2 shadows
  2 vampires
  A water elemental (D:15)
  A culicivora (shapeshifter) (D:15)
  2 dire elephant simulacra (Snake:4)
  4 wraiths
  A wyvern (Lair:3)
  20 yaks
  2 basilisks
  7 vampire mosquitoes
  A death yak simulacrum (Lair:5)
  2 minotaur simulacra (Snake:4)
  2 spectral cane toads (Lair:5)
  2 harpy simulacra
  42 nagas
  An acid dragon (D:10)
  A warg (D:9)
  A small abomination (D:4)
  13 water moccasins
  45 orc warriors
  5 ice beasts
  An ettin simulacrum (IceCv)
  An elephant zombie (Lair:5)
  3 black bears
  2 wolves (D:11)
  13 centaurs
  6 ogres
  An elephant skeleton (Lair:5)
  2 phantoms (D:5)
  8 kobold brigands
  A gnoll sergeant (D:10)
  14 bullfrogs
  2 cane toad simulacra (Lair:5)
  A deep troll simulacrum (Snake:4)
  5 scorpions
  7 wights
  A lindwurm simulacrum (IceCv)
  2 killer bees (D:5)
  10 howler monkeys
  An electric eel (Lair:2)
  3 jellies (Lair:5)
  A quasit (D:4)
  A wyvern simulacrum (Gauntlet)
  6 hounds
  3 gnoll boudas
  An iron imp (D:4)
  34 orc priests
  A sleepcap (D:8)
  Ijyb (D:4)
  3 iguanas
  24 orc wizards
  2 boggart simulacra (Gauntlet)
  The ghost of topfpfpflanze the Sneak, a weakling FeDe of Gozag (D:4)
  17 gnolls
  7 adders
  A white imp (D:6)
  3 ufetubi
  A worm (D:3)
  2 dart slugs
  132 orcs
  8 ball pythons
  7 bats
  7 endoplasms
  6 giant cockroaches
  7 goblins
  11 hobgoblins
  4 jackals
  4 quokkas
  2 frilled lizards
  43 kobolds
  8 rats
  A spectral orc (D:15)
1073 creatures vanquished.

Vanquished Creatures (collateral kills)
  A halazid warlock (Desolation)
  A deep elf knight (Elf:1)
  A deep elf pyromancer (Elf:1)
  3 saltlings (Desolation)
  A flying skull (Elf:1)
  2 elf simulacra (Elf:1)
9 creatures vanquished.

Grand Total: 1082 creatures vanquished

Notes
Turn   | Place    | Note
-------+----------+-------------------------------------------
     0 | D:1      | CrazyBamboolord the Kobold Brigand began the quest for the
                  | Orb.
     0 | D:1      | Reached XP level 1. HP: 12/12 MP: 1/1
   142 | D:1      | Reached XP level 2. HP: 17/17 MP: 2/2
   224 | D:1      | Reached skill level 3 in Short Blades
   328 | D:1      | Reached XP level 3. HP: 18/22 MP: 3/3
   911 | D:2      | Found a snail-covered altar of Cheibriados.
   969 | D:2      | Reached XP level 4. HP: 27/27 MP: 4/4
  1186 | D:2      | Reached XP level 5. HP: 32/32 MP: 5/5
  1711 | D:3      | Found a faded altar of an unknown god.
  1992 | D:3      | Reached skill level 4 in Short Blades
  2435 | D:4      | Noticed Ijyb
  2438 | D:4      | Reached XP level 6. HP: 37/37 MP: 6/6
  2445 | D:4      | Killed Ijyb
  2587 | D:4      | Found a transporter.
  2785 | D:4      | Found a blossoming altar of Fedhas.
  2792 | D:4      | Found a bloodstained altar of Trog.
  2972 | D:4      | Found a transporter.
  3007 | D:4      | Noticed a black bear
  3015 | D:4      | Killed a black bear
  3016 | D:4      | Reached skill level 5 in Short Blades
  3016 | D:4      | Reached skill level 1 in Evocations
  3016 | D:4      | Reached XP level 7. HP: 31/41 MP: 7/7
  3472 | D:5      | Entered Level 5 of the Dungeon
  3493 | D:5      | Noticed a water moccasin
  3512 | D:5      | Noticed a two-headed ogre
  3513 | D:5      | Killed a two-headed ogre
  3514 | D:5      | Reached skill level 6 in Short Blades
  3514 | D:5      | Reached XP level 8. HP: 41/48 MP: 8/8
  3515 | D:5      | Reached skill level 10 in Stealth
  3766 | D:5      | Reached skill level 7 in Short Blades
  3873 | D:5      | Reached skill level 5 in Dodging
  3873 | D:5      | Reached XP level 9. HP: 20/53 MP: 9/9
  4068 | D:5      | Found Otoczon's Assorted Antiques.
  4097 | D:5      | Reached skill level 5 in Fighting
  4137 | D:5      | Bought a bubbling inky potion for 23 gold pieces
  4137 | D:5      | Bought a crooked ivory wand for 104 gold pieces
  4137 | D:5      | Bought a scroll of teleportation for 78 gold pieces
  4367 | D:5      | Identified the +10 rapier "Cyics" {spect, *Slow rPois
                  | Int+3}
  4419 | D:5      | Paralysed by a wight for 3 turns
  4592 | D:5      | Reached skill level 8 in Short Blades
  5081 | D:6      | Found a white marble altar of Elyvilon.
  5126 | D:6      | Identified the +0 leather armour of Duty {Dex+2}
  5493 | D:6      | Reached skill level 5 in Evocations
  5541 | D:6      | Reached skill level 9 in Short Blades
  5541 | D:6      | Reached XP level 10. HP: 59/60 MP: 10/10
  6207 | D:7      | Found Piptips's Weapon Shop.
  6359 | D:7      | Reached skill level 10 in Short Blades
  7014 | D:7      | Found a staircase to the Ecumenical Temple.
  7027 | Temple   | Entered the Ecumenical Temple
  7100 | Temple   | Became a worshipper of Uskayaw the Reveller
  7350 | D:7      | Identified 2 scrolls of acquirement
  7352 | D:7      | Acquired the amulet of Folutea {Spirit rC+ Regen+ Int+3}
  7354 | D:7      | Acquired a manual of Short Blades
  7422 | D:8      | Reached * piety under Uskayaw
  7586 | D:8      | Reached ** piety under Uskayaw
  7916 | D:8      | Identified the +3 leather armour "Jedup" {rPois}
  7966 | D:8      | Reached skill level 11 in Short Blades
  7973 | D:8      | Reached *** piety under Uskayaw
  8004 | D:8      | Reached **** piety under Uskayaw
  8103 | D:8      | Found a sacrificial altar of Ru.
  8108 | D:8      | Found a shimmering altar of Xom.
  8110 | D:8      | Found a shadowy altar of Dithmenos.
  8254 | D:9      | Found a flagged portal.
  8309 | Bailey   | Entered a bailey
  8489 | Bailey   | Reached skill level 1 in Invocations
  8534 | Bailey   | Identified the +5 plate armour of Izikin {Fly rPois rC+++
                  | Dex-5}
  8981 | D:9      | Reached skill level 12 in Short Blades
  8985 | D:9      | Reached ***** piety under Uskayaw
  9015 | D:9      | Found a staircase to the Orcish Mines.
  9096 | D:9      | Noticed a purple ugly thing
  9100 | D:9      | Killed a purple ugly thing
  9101 | D:9      | Reached XP level 11. HP: 67/67 MP: 12/12
  9255 | D:9      | Noticed a two-headed ogre
  9259 | D:9      | Killed a two-headed ogre
  9484 | D:9      | Found Dena's Antique Armour Shop.
  9559 | D:10     | Entered Level 10 of the Dungeon
  9639 | D:10     | Reached skill level 13 in Short Blades
  9835 | D:10     | Found Issobb's Antique Weapon Shoppe.
  9963 | D:10     | Noticed a cyclops
  9967 | D:10     | Killed a cyclops
  9968 | D:10     | Reached skill level 14 in Short Blades
 10551 | D:11     | Noticed a boulder beetle
 10555 | D:11     | Killed a boulder beetle
 10622 | D:11     | Noticed a two-headed ogre
 10626 | D:11     | Killed a two-headed ogre
 10627 | D:11     | Reached skill level 10 in Dodging
 10769 | D:11     | Found a staircase to the Lair.
 10887 | D:11     | Reached XP level 12. HP: 76/76 MP: 15/15
 11005 | D:11     | Noticed a two-headed ogre
 11009 | D:11     | Killed a two-headed ogre
 11212 | Lair:1   | Entered Level 1 of the Lair of Beasts
 11288 | Lair:1   | Reached skill level 10 in Fighting
 11338 | Lair:1   | Reached skill level 5 in Invocations
 11346 | Lair:1   | Reached ****** piety under Uskayaw
 11493 | Lair:1   | Noticed a spriggan rider
 11498 | Lair:1   | Killed a spriggan rider
 11526 | Lair:1   | Noticed Harold
 11543 | Lair:1   | Killed Harold
 11658 | Lair:1   | Noticed Fannar
 11662 | Lair:1   | Killed Fannar
 12128 | Lair:2   | Found a staircase to the Snake Pit.
 12361 | Lair:2   | Reached XP level 13. HP: 84/84 MP: 17/17
 12542 | Lair:2   | Noticed a five-headed hydra
 12546 | Lair:2   | Killed a five-headed hydra
 13232 | Lair:3   | Reached skill level 15 in Short Blades
 13616 | Lair:3   | Found a staircase to the Shoals.
 14085 | Lair:4   | Identified the +1 scale mail of Natz {Harm}
 14367 | Lair:4   | Reached skill level 16 in Short Blades
 14619 | Lair:5   | Entered Level 5 of the Lair of Beasts
 14627 | Lair:5   | Noticed a six-headed hydra
 14631 | Lair:5   | Killed a six-headed hydra
 14712 | Lair:5   | Found a staircase to the Slime Pits.
 14749 | Lair:5   | Reached XP level 14. HP: 94/94 MP: 19/19
 15508 | Lair:5   | Noticed a dire elephant
 15513 | Lair:5   | Noticed a dire elephant
 15537 | Lair:5   | Killed a dire elephant
 15538 | Lair:5   | Reached skill level 10 in Evocations
 15783 | Lair:5   | Noticed a dire elephant
 15801 | Lair:5   | Noticed a dire elephant
 15805 | Lair:5   | Killed a dire elephant
 15854 | Lair:5   | Noticed a dire elephant
 15866 | Lair:5   | Killed a dire elephant
 15867 | Lair:5   | Killed a dire elephant
 15913 | Lair:5   | Killed a dire elephant
 16504 | D:12     | Found a gate leading to a gauntlet.
 16508 | Gauntlet | Entered a Gauntlet
 16508 | Gauntlet | Found a transporter.
 16529 | Gauntlet | Found a transporter.
 16537 | Gauntlet | Found a transporter.
 16543 | Gauntlet | Found a transporter.
 16565 | Gauntlet | Found a transporter.
 16577 | Gauntlet | Found a transporter.
 16589 | Gauntlet | Found a transporter.
 16616 | Gauntlet | Found a transporter.
 16628 | Gauntlet | Found a transporter.
 16640 | Gauntlet | Found a transporter.
 16663 | Gauntlet | Found a transporter.
 16675 | Gauntlet | Found a transporter.
 16707 | Gauntlet | Found a transporter.
 16971 | Gauntlet | Found a transporter.
 17093 | Gauntlet | Found a transporter.
 17265 | Gauntlet | Found a transporter.
 17299 | Gauntlet | Found a transporter.
 17307 | Gauntlet | Found a transporter.
 17450 | Gauntlet | Identified the +4 cloak of Qohoc {Regen+}
 17627 | Gauntlet | Reached skill level 10 in Invocations
 17635 | Gauntlet | Identified the ring "Gocroo" {rPois rCorr Int+2 SInv}
 17744 | Gauntlet | Identified the +7 battleaxe "Vufrytenu" {heavy, Will+}
 17744 | Gauntlet | Noticed a minotaur
 17747 | Gauntlet | Killed a minotaur
 17751 | Gauntlet | Identified the +6 broad axe "Lacertilianbane" {freeze, rC+}
 18054 | D:12     | Reached XP level 15. HP: 100/100 MP: 22/22
 18365 | D:12     | Found a bloodstained altar of Trog.
 18365 | D:12     | Found a shimmering altar of Xom.
 18365 | D:12     | Found a sparkling altar of Nemelex Xobeh.
 18369 | D:12     | Found a glowing silver altar of Zin.
 18369 | D:12     | Found a glowing golden altar of the Shining One.
 18373 | D:12     | Found a blossoming altar of Fedhas.
 19292 | D:13     | Found a runed translucent gate.
 19293 | D:13     | Found a runed translucent gate.
 19294 | D:13     | Found a runed translucent gate.
 19327 | D:13     | Found an ornate altar of the Wu Jian Council.
 19436 | D:13     | Learned a level 2 spell: Wereblood
 19440 | D:13     | Learned a level 3 spell: Dazzling Flash
 19641 | Orc:1    | Entered Level 1 of the Orcish Mines
 19642 | Orc:1    | Noticed an orc warlord
 19652 | D:9      | Reached skill level 1 in Conjurations
 19711 | D:9      | Killed an orc warlord
 19712 | D:9      | Reached skill level 1 in Spellcasting
 19712 | D:9      | Reached skill level 1 in Hexes
 19712 | D:9      | Reached skill level 1 in Transmutations
 19814 | Orc:1    | Reached skill level 1 in Translocations
 20636 | D:14     | Found Metis's Jewellery Emporium.
 20813 | D:14     | Found a gate to the Vaults.
 20818 | D:14     | Identified the amulet "Wegrufico" {Reflect Harm MP+9 SH+5}
 20884 | D:14     | Found a bloodstained altar of Trog.
 20982 | D:14     | Found a portal to a secret trove of treasure.
 21279 | D:15     | Entered Level 15 of the Dungeon
 21310 | D:15     | Found a staircase to the Depths.
 21404 | D:15     | Found Nuceanok's Magic Scroll Emporium.
 21868 | D:15     | Found a hide-covered altar of Uskayaw.
 21873 | D:15     | Reached skill level 5 in Transmutations
 21875 | D:15     | Reached skill level 5 in Spellcasting
 21924 | D:15     | Found a basalt altar of Yredelemnul.
 22263 | Orc:2    | Entered Level 2 of the Orcish Mines
 22596 | Orc:2    | Reached XP level 16. HP: 106/106 MP: 24/24
 22653 | Orc:2    | Found a staircase to the Elven Halls.
 22716 | Orc:2    | Found Edorch's Distillery.
 22722 | Orc:2    | Bought a potion of lignification for 39 gold pieces
 22722 | Orc:2    | Bought a potion of curing for 39 gold pieces
 22722 | Orc:2    | Bought a potion of might for 52 gold pieces
 22722 | Orc:2    | Bought a potion of haste for 130 gold pieces
 22722 | Orc:2    | Bought a potion of curing for 39 gold pieces
 23017 | Orc:2    | Found Kograa's Firing Range.
 23023 | Orc:2    | Bought 2 throwing nets for 84 gold pieces
 23506 | Orc:2    | Found Fadghydd's Magic Scroll Shoppe.
 23507 | Orc:2    | Found Foekett's Distillery.
 23508 | Orc:2    | Found Pud Gyel's Weapon Emporium.
 23508 | Orc:2    | Found Hies's Antique Weapon Emporium.
 23516 | Orc:2    | Bought a scroll of enchant armour for 120 gold pieces
 23516 | Orc:2    | Bought a scroll of blinking for 120 gold pieces
 23516 | Orc:2    | Bought a scroll of teleportation for 48 gold pieces
 23518 | Orc:2    | Bought a potion of magic for 128 gold pieces
 23518 | Orc:2    | Bought a potion of lignification for 48 gold pieces
 23518 | Orc:2    | Bought a potion of might for 64 gold pieces
 23518 | Orc:2    | Bought a potion of brilliance for 64 gold pieces
 23519 | Orc:2    | Bought the +6 rapier of Uppism {vamp, rElec Will+ Int+2}
                  | for 921 gold pieces
 23849 | Snake:1  | Entered Level 1 of the Snake Pit
 24734 | Snake:1  | Found Loepsy's Book Emporium.
 24734 | Snake:1  | Found Sutryrr's Book Emporium.
 24735 | Snake:1  | Found Qusaruk's Jewellery Shop.
 24748 | Snake:1  | Learned a level 4 spell: Iskenderun's Mystic Blast
 24753 | Snake:1  | Learned a level 4 spell: Cause Fear
 24757 | Snake:1  | Learned a level 3 spell: Tukima's Dance
 24878 | Snake:1  | Bought a book of the Moon for 440 gold pieces
 24883 | Snake:1  | Learned a level 4 spell: Passage of Golubria
 25027 | Snake:2  | Reached skill level 5 in Conjurations
 25045 | Snake:2  | Reached skill level 5 in Hexes
 25092 | Snake:2  | Reached skill level 5 in Translocations
 25243 | Snake:2  | Noticed Vashnia
 25248 | Snake:2  | Reached XP level 17. HP: 110/111 MP: 7/28
 25413 | Snake:2  | Identified the +1 whip "Orb Guardian's Bane" {flame, rC+
                  | rN++ Int+3}
 25424 | Snake:2  | Found Itewag's Antique Armour Shoppe.
 25440 | Snake:2  | Found Fuec's Armour Emporium.
 25654 | Snake:2  | Found Hoqeurph's Antique Weapon Boutique.
 26352 | Snake:3  | Identified the +3 longbow "Impbane" {drain, rPois Int+3
                  | SInv Stlth+}
 27309 | Snake:4  | Entered Level 4 of the Snake Pit
 27346 | Snake:4  | Found a frozen archway.
 27465 | IceCv    | Entered an ice cave
 27528 | IceCv    | Found a transporter.
 27559 | IceCv    | Found a transporter.
 27766 | Snake:4  | Noticed Temaumar's ghost (adept GrBe)
 27766 | Snake:4  | Found a runed translucent door.
 28122 | Snake:4  | Reached XP level 18. HP: 116/116 MP: 28/31
 28402 | Snake:4  | Noticed Louise
 28406 | Snake:4  | Killed Louise
 28763 | Snake:4  | Reached skill level 10 in Spellcasting
 28892 | Snake:4  | Noticed a quicksilver dragon
 28902 | Snake:4  | Killed a quicksilver dragon
 29311 | Snake:4  | Got a serpentine rune of Zot
 29527 | Snake:4  | Identified the amulet of Zax Zacw {Faith rCorr Int+2 Dex-3}
 29910 | D:4      | Found a one-way gate to the infinite horrors of the Abyss.
 29910 | D:4      | Noticed topfpfpflanze's ghost (weakling FeDe)
 29913 | D:4      | Killed topfpfpflanze's ghost
 30412 | Elf:1    | Entered Level 1 of the Elven Halls
 30432 | Elf:1    | Reached skill level 1 in Summonings
 30448 | Elf:1    | Noticed Frances
 30481 | Elf:1    | Killed Frances
 30533 | Elf:1    | Found a crumbling gateway.
 30541 | Desolati | Entered the Desolation of Salt
 30571 | Desolati | Learned a level 3 spell: Teleport Other
 30791 | Desolati | Reached skill level 10 in Hexes
 30977 | Desolati | Identified the ring "Yzah" {Will+ Int+2 Slay+4}
 31288 | Desolati | Identified the amulet "Wamoirruff" {Spirit rCorr MP+9}
 31597 | Desolati | Identified the +2 spear "Ketoin" {antimagic, rN+ Str+5}
 31688 | Desolati | Identified the ring "Siek" {rPois rCorr Str+2 Dex+3}
 31691 | Desolati | Identified the +2 leather armour of the Old and Reckless
                  | {-Cast rElec Str+6 SInv}
 31877 | Desolati | Reached skill level 5 in Summonings
 31877 | Desolati | Reached XP level 19. HP: 91/121 MP: 2/34
 32359 | Desolati | Identified the ring "Nuilal" {rF- Int+6 Slay+5}
 32389 | Desolati | HP: 4/103 [halazid warlock/ghostly fireball (53)]
 32623 | Desolati | Got the Folio of Charms
 32663 | Desolati | Learned a level 5 spell: Summon Mana Viper
 32669 | Desolati | Learned a level 5 spell: Summon Forest
 32815 | Desolati | Identified the ring of Finality {Fire rElec rN+++ Dex+2
                  | Stlth-}
 33048 | Desolati | Got the Anthology of the Liminal Boggart
 33338 | Elf:1    | Found Agicocum's Book Emporium.
 33403 | Elf:1    | Paralysed by an air elemental for 1 turns
 33981 | Elf:1    | HP: 3/110 [deep elf blademaster simulacrum (15)]
 34095 | Elf:1    | HP: 4/101 [deep elf blademaster simulacrum (10)]
 34095 | Elf:1    | Slain by a deep elf blademaster simulacrum

Illustrated notes

Levels and vault maps discovered:
D:1:      eino_arrival_cavern_a, layout_basic
D:2:      cheibrodos_fertilizer, layout_loops_corners, basic_altar,
          serial_park_tiny_2
D:3:      layout_rooms, hellmonk_ecumenical_altar_run_dry, serial_rivers,
          chequers_serial_rivers_micro_c, chequers_serial_rivers_room_b,
          chequers_serial_rivers_marsh, chequers_serial_rivers_large_b,
          chequers_serial_rivers_micro_e
D:4:      layout_loops_corners, amethyst_overflow_temple_binary,
          gammafunk_ghost_abyssal_escape, uniq_ijyb
D:5:      kb_forest_paths, layout_basic, serial_shops, nicolae_square_shop,
          grunt_ministairs_10, minmay_manual_mail
D:6:      kennysheep_housing_project, layout_rooms, kennysheep_mini
D:7:      layout_basic, lemuel_temple_firewalk_b, serial_shops, shop
D:8:      layout_basic, grunt_temple_overflow_open, chequers_arboretum,
          lightli_minifort
D:9:      layout_irregular_city, hiddenorc1_lemuel, serial_shops,
          nicolae_shop_back_alley_shop, enter_bailey_8, serial_bayou_crossing
D:10:     layout_roguey, serial_shops, shop, lightli_fourway_metalbox
D:11:     layout_cave_pools, hellmonk_lair_entry_icy,
          nicolae_houndstooth_variations
D:12:     layout_basic, gauntlet_entry_generic, doesnt_xom_only_xom
D:13:     minmay_inner_zag, layout_cave_pools,
          ploomutoo_gammafunk_ghost_potion_laboratory,
          nicolae_wu_jian_wuxing_cycle
D:14:     layout_roguey, david_vaults_4, enter_trove_2, minmay_misc_feat_rows,
          serial_shops, shop, trog_butcher_becter
D:15:     hangedman_depths_entry_civil_slaughter, layout_loops_ring,
          nicolae_uskayaw_murder_on_the_dancefloor, serial_shops,
          nicolae_shop_stone, dk_noncrumbling_4, nrook_pool_corridor,
          yredelemnul_forgotten_temple_becter
Temple:   minmay_temple_bridge_d
Lair:1:   layout_big_grid, grunt_forest_large_clearings, uniq_harold,
          uniq_fannar
Lair:2:   layout_loops_ring, guppyfry_snake_entry_island,
          chequers_serial_rivers_marsh, beast_lair_carwin_9,
          serial_bayou_shore_a
Lair:3:   layout_loops_ring, minmay_shoals_entry_centaurs,
          infiniplex_staircase_pool, lemuel_fruit_fields
Lair:4:   layout_hall_layers
Lair:5:   due_jungle_book, layout_regular_city, nicolae_slime_entry_field_trip,
          minmay_lair_oklob_bushes
Snake:1:  layout_rooms, minmay_snake_pond, minmay_shop_grove,
          serial_bayou_shore_b
Snake:2:  layout_misc_corridors, serial_shops, shop, minmay_shoptagon,
          uniq_vashnia
Snake:3:  layout_cave_shapes, grunt_ministairs_8
Snake:4:  hellmonk_snake_rune_quicksilver_temple, layout_cave_town,
          portal_ice_cave_entry_ice_simulacra, gammafunk_ghost_grave,
          uniq_louise
Orc:1:    layout_caves, lightli_orcish_oven
Orc:2:    st_orc_pillars, layout_caves, serial_shops, nicolae_square_shop,
          nicolae_shop_firing_range
Elf:1:    nicolae_elf_arrival_no_cutting_in_line, layout_loops_corners,
          portal_desolation_entry_twin_temple, serial_shops,
          nicolae_shop_gibbet_a_chance, basic_altar, minmay_elf_demonology,
          serial_sigils_hangedman_scar, minivault_4, nicolae_elf_deep_mausoleum,
          uniq_frances

Skill      XL: |  1  2  3  4  5  6  7  8  9 10 11 12 13 14 15 16 17 18 19 |
---------------+----------------------------------------------------------+-----
Short Blades   | 3 4 5 6 7 9 12 14 16 | 16.0
Stealth        | 6 7 8 9 10 11 12 | 12.0
Dodging        | 2 3 4 5 7 8 10 12 13 14 | 14.0
Fighting       | 3 4 6 7 9 11 13 14 | 14.0
Evocations     | 1 2 4 5 6 7 8 9 12 14 | 14.0
Invocations    | 1 4 5 7 10 | 10.0
Conjurations   | 2 5 8 |  8.0
Spellcasting   | 5 7 9 11 12 | 12.0
Hexes          | 2 5 8 10 | 10.5
Transmutations | 5 7 |  7.0
Translocations | 2 5 7 9 |  9.6
Summonings     | 5 8 |  8.7
Polearms       | |  0.5
Ranged Weapons | |  0.1
Throwing       | |  2.1
Necromancy     | |  0.6
Fire Magic     | |  0.1
Ice Magic      | |  0.3
Air Magic      | |  0.1
Earth Magic    | |  0.6
Poison Magic   | |  0.1
Shapeshifting  | |  0.7

Action                     |  1- 3 |  4- 6 |  7- 9 | 10-12 | 13-15 | 16-18 | 19-21 || total
---------------------------+-------+-------+-------+-------+-------+-------+-------++-------
  Melee: Dagger            |    65 |   125 |   298 |       |       |       |       ||   488
         Rapier            |       |       |    39 |   987 |  1266 |  1671 |   348 ||  4311
         Punch             |       |       |     4 |    18 |    24 |    44 |     9 ||    99
  Throw: Dart              |       |     1 |     1 |       |       |       |       ||     2
         Throwing net      |       |       |       |       |       |     1 |       ||     1
   Cast: Wereblood         |       |       |       |       |     3 |    24 |       ||    27
         Dazzling Flash    |       |       |       |       |       |    11 |       ||    11
         Iskenderun's Myst |       |       |       |       |       |    16 |     3 ||    19
         Cause Fear        |       |       |       |       |       |     6 |       ||     6
         Passage of Golubr |       |       |       |       |       |     2 |       ||     2
         Summon Mana Viper |       |       |       |       |       |       |     6 ||     6
         Summon Forest     |       |       |       |       |       |       |     5 ||     5
 Invoke: Grand Finale      |       |       |       |       |     1 |       |       ||     1
         Line Pass         |       |       |       |       |     1 |     1 |       ||     2
  Evoke: Wand              |       |     1 |    15 |       |    13 |     1 |     4 ||    34
         Lightning rod     |       |       |       |       |       |     5 |       ||     5
         Tin of tremorston |       |       |       |       |       |     2 |       ||     2
    Use: Scroll            |       |     3 |     7 |    15 |    14 |    15 |     3 ||    57
         Potion            |       |       |     1 |     1 |     4 |     8 |     5 ||    19
   Stab: Sleeping          |    21 |    35 |    15 |    52 |    74 |    64 |     9 ||   270
         Invisible         |       |     1 |     1 |       |     2 |     4 |       ||     8
         Distracted        |       |     1 |       |     3 |     4 |     9 |     5 ||    22
         Paralysed         |       |       |       |    26 |    62 |   104 |    30 ||   222
 Armour: Robe              |     5 |     9 |       |       |       |       |       ||    14
         Leather armour    |       |     7 |    60 |    89 |    65 |   202 |    83 ||   506
  Dodge: Dodged            |    34 |    70 |   275 |   612 |   609 |  1348 |   370 ||  3318

Table legend: (Time is in decaauts)
 A = Elapsed time spent in this place.
 B = Non-inter-level travel time spent in this place.
 C = Inter-level travel time spent in this place.
 D = Time resting spent in this place.
 E = Time spent auto-exploring this place.
 F = Levels seen in this place.
 G = Mean time per level.
                   A        B        C        D        E       F      G
               +--------+--------+--------+--------+--------+-----+--------+
         Total |  31538 |  28793 |   2745 |   1674 |  20661 |  32 |  985.6 |
       Dungeon |  14748 |  12919 |   1829 |    500 |  10074 |  15 |  983.2 |
        Temple |    146 |      2 |    144 |      0 |      0 |   1 |  146.0 |
          Lair |   4776 |   4442 |    334 |    139 |   3512 |   5 |  955.2 |
     Snake Pit |   5059 |   4802 |    257 |    289 |   3476 |   4 | 1264.8 |
  Orcish Mines |   1755 |   1612 |    143 |     27 |   1232 |   2 |  877.5 |
   Elven Halls |    875 |    839 |     36 |     56 |    594 |   1 |  875.0 |
        Bailey |    325 |    325 |      0 |      0 |    147 |   1 |  325.0 |
      Ice Cave |    227 |    227 |      0 |     89 |      0 |   1 |  227.0 |
    Desolation |   2416 |   2416 |      0 |    417 |   1268 |   1 | 2416.0 |
      Gauntlet |   1208 |   1208 |      0 |    157 |    357 |   1 | 1208.0 |
               +--------+--------+--------+--------+--------+-----+--------+

Top non-repeatable levels by time:
Desolation: 2416 daAuts
 Snake:4: 1748 daAuts
     D:5: 1503 daAuts
  Lair:5: 1455 daAuts
     D:9: 1413 daAuts
     D:4: 1340 daAuts
   Orc:2: 1295 daAuts
Gauntlet: 1208 daAuts
    D:12: 1132 daAuts
     D:7: 1126 daAuts
 Snake:2: 1123 daAuts
 Snake:3: 1112 daAuts
     D:6: 1092 daAuts
 Snake:1: 1074 daAuts
     D:2: 1034 daAuts
